Zazza, neutral female human Tourist ---- ---- ---------- --..--- |..--- |..--....| --.....-- |....| |........| |.......| ---....--|......--- -.......| |.......-|.|....| ......-- ---.|......|.--..-- --- -.....| |...|-----.|.....| --.--- --`.@?.| ---.--- |....---- |....-- |..f.--- --...| |<...| |.....| | | ------ ------..------...-| ---.-- --...-| |..........................%...|.....| |.--- ---....| --- -- -------------.|.|.|.| |...| |.....-- |...|.|-- ---.--- ---.....-- --%.|.| |...| |...-....| --%..| ---.--|.--....-- |-..| |...|.||....| |...| ---...-|....| --..| |....|-..-- ---- ---..|---- ---- Zazza the Rambler Experience level: 1 Strength: 14 Dexterity: 9 Constitution: 13 Intelligence: 15 Wisdom: 9 Charisma: 18 Health: 0(16) Energy: 2(2) Def: 0 Gold: 1087 Moves: 3787 Dungeon seed: ucXWoXVzEiYaE8wS Game ID: Zazza_1599690759 Your Inventory: Coins $ - 1087 gold pieces Amulets B - a cursed amulet of change Weapons a - 31 +2 darts (in quiver) o - 25 +0 darts u - 2 +0 daggers N - 11 +0 elven arrows Z - a +0 aklys Armor e - an uncursed +0 Hawaiian shirt (being worn) r - an uncursed +0 orcish helm v - an uncursed +2 pair of iron shoes L - an uncursed +0 dwarvish cloak P - an uncursed +0 pair of iron shoes Q - an uncursed +0 pair of fumble boots S - an uncursed +0 pair of iron shoes V - an uncursed +0 orcish helm X - an uncursed +0 orcish helm Y - an uncursed +0 orcish helm Comestibles b - 3 uncursed food rations d - an uncursed slime mold f - an uncursed banana g - an uncursed apple h - an uncursed egg x - an uncursed partly eaten food ration z - an uncursed egg A - 2 uncursed food rations C - an uncursed tripe ration Scrolls c - an uncursed scroll of scare monster j - a blessed scroll of magic mapping k - 3 uncursed scrolls of magic mapping p - an uncursed scroll of confuse monster J - an uncursed scroll of light Potions i - 3 uncursed potions of extra healing t - an uncursed potion of levitation E - a blessed potion of extra healing G - an uncursed potion of extra healing H - an uncursed potion of restore ability K - an uncursed potion of fruit juice M - an uncursed potion of gain level Wands D - a wand of striking (0:5) F - a wand of nothing (0:3) O - a wand of cancellation (0:4) Tools l - an expensive camera (0:70) m - an uncursed credit card w - 9 uncursed tallow candles (0:200) R - 7 blessed tallow candles (0:200) Gems n - 5 uncursed worthless pieces of blue glass q - an uncursed luckstone s - an uncursed jasper stone y - an uncursed worthless piece of violet glass Spells and supernatural/magical abilities: Name Level Category Fail Memory W - pray for help -- divine ? -- Your skills at the end: Fighting Skills Weapon Skills dart [Basic] Spellcasting Skills Final Attributes: You were nominally aligned. You were lucky. You had extra luck. Bad luck did not time out for you. Good luck did not time out for you. You are dead. Vanquished creatures: 3 shriekers 2 gnome lords 3 dwarves 2 orc zombies an iguana a gas spore 2 manes a giant rat 8 gnomes 3 gnome zombies 5 geckos 8 jackals 3 foxes 2 kobolds 5 goblins a sewer rat 10 grid bugs 3 lichens a kobold zombie 3 newts 67 creatures vanquished. Voluntary challenges: You never hit with a wielded weapon. You read items or engraved 8 times, starting on turn 673. You never genocided any monsters. You never polymorphed an object. You never changed form. You used no wishes. You never split a pudding. You wrote Elbereth's name 4 times, starting on turn 674. You never violated your personal moral code. Dungeon overview: The Dungeons of Doom: levels 1 to 5 Level 1 some fountains, a sink a long staircase Level 2 a general store, a fountain Level 3 a fountain Level 4 stairs to The Gnomish Mines Level 5 many fountains The Gnomish Mines: Level 5 <- You were here stairs to The Dungeons of Doom History has recorded: On T:1 you entered the Dungeons of Doom to retrieve the Amulet of Yendor! On T:1549 you reached level 3 of The Dungeons of Doom. On T:1851 you reached level 4 of The Dungeons of Doom. On T:2176 you reached level 5 of The Dungeons of Doom. On T:2754 you reached level 1 of The Gnomish Mines. Score breakdown: Gold: 303 ( 8445 points) Experience: 1 level ( 0 points) Exploration: 5 levels ( 10.64%) ( 8846 points) Discoveries: 1 item ( 0.34%) ( 1737 points) Valuables value: (no points given unless you survive) Artifact value: 0 ( 0 points) Variety of kills: 20 monsters ( 5.25%) ( 6873 points) Turncount: 3787 turns ( -944 points) Survival: died (score multiplied by 80%) Total score: 19965 Latest messages: The dwarf misses Armand. Armand misses the dwarf. Armand bites the dwarf. The dwarf is killed! Armand bites the gecko. You see here a gnome corpse. Armand bites the gecko. The gecko is killed! Armand eats a gecko corpse. You are beginning to feel weak. Never mind. That food really hit the spot! You finish eating the food ration. There are a few objects here. You have a little trouble lifting o - 6 darts. You have a little trouble lifting L - a hooded cloak. You have a little trouble lifting P - a pair of hard shoes. You displace Armand. You see here a candle. Click! You trigger a rolling boulder trap! You are hit by a boulder. You die... Final status: Aloha Zazza the Tourist, killed by a boulder... You died in The Gnomish Mines on dungeon level 5 with 19965 points, and 1087 pieces of gold, after 3787 moves. You were level 1 with a maximum of 16 hit points when you died.